 Dungeon Crawl Stone Soup version 0.23.2-1-ga50397a6bc (webtiles) character file.

Game seed: 469106482527024361

8953 Kobolds4U the Protected (level 11, 0/99 HPs)
             Began as a Minotaur Fighter on Apr 24, 2019.
             Was an Elder of Ru.
             Killed from afar by an electric eel (14 damage)
             ... with a bolt of electricity
             ... while paralysed by an orc priest
             ... on level 11 of the Dungeon.
             The game lasted 00:23:30 (11232 turns).

Kobolds4U the Protected (Minotaur Fighter)         Turns: 11232, Time: 00:23:30

Health: 0/99       AC: 20    Str: 21    XL:     11   Next: 16%
Magic:  10/10      EV:  2    Int:  6    God:    Ru [****..]
Gold:   1271       SH:  0    Dex: 15    Spells: 10/10 levels left

rFire    . . .     SeeInvis .   a - +0 war axe
rCold    . . .     Gourm    .   c - +0 shield
rNeg     . . .     Faith    .   m - +0 plate armour
rPois    .         Spirit   .   (helmet restricted)
rElec    .         Reflect  .   (no cloak)
rCorr    .         Harm     .   (no gloves)
MR       .....                  l - +0 pair of boots
Stlth    ..........             q - amulet of rage
HPRegen  0.26/turn              p - +3 ring of protection
MPRegen  0.12/turn              y - +3 ring of dexterity

@: paralysed, lethally poisoned (0 -> -2)
A: retaliatory headbutt, horns 2, hated by all, inexperienced 1, missing an eye
a: Draw Out Power, Power Leap, Renounce Religion, Evoke Berserk Rage


You were on level 11 of the Dungeon.
You worshipped Ru.
Ru was greatly pleased with you.
You were hungry.

You visited 2 branches of the dungeon, and saw 12 of its levels.
You also visited: Bailey.

You collected 1271 gold pieces.

Inventory:

Hand Weapons
 a - a +0 war axe (weapon)
 o - a +1 whip of flaming
 E - a +2 antimagic whip
Missiles
 G - 5 tomahawks (quivered)
 K - 39 tomahawks of returning
Armour
 c - a +0 shield (worn)
 l - a +0 pair of boots (worn)
 m - a +0 plate armour (worn)
Jewellery
 b - an uncursed ring of protection from cold
 p - a +3 ring of protection (left hand)
 q - an amulet of rage (around neck)
 y - a +3 ring of dexterity (right hand)
 L - the ring of the Mage {Wiz MR++ Int+3}
   (You found it in a bailey)

   [ring of wizardry]

   It improves your spell success rate.
   It affects your intelligence (+3).
   It affects your resistance to hostile enchantments.
 P - an uncursed ring of wizardry
Wands
 s - a wand of polymorph (8)
 w - a wand of digging (6)
 M - a wand of paralysis (6)
Scrolls
 g - 4 scrolls of enchant armour {unknown}
 h - 6 scrolls of teleportation
 i - 2 scrolls of fog {unknown}
 j - 11 scrolls of identify
 n - 3 scrolls of magic mapping {unknown}
 r - 8 scrolls of remove curse
 t - 3 scrolls of immolation {unknown}
 z - 3 scrolls of enchant weapon {unknown}
 B - 3 scrolls of fear {unknown}
 C - 2 scrolls of blinking {unknown}
Potions
 d - 2 potions of might
 e - 6 potions of curing
 k - 2 potions of brilliance
 u - a potion of flight {unknown}
 v - a potion of magic {unknown}
 x - a potion of ambrosia {unknown}
 A - 2 potions of lignification {unknown}
 D - 2 potions of degeneration {unknown}
 F - 2 potions of agility
 H - a potion of mutation {unknown}
 I - 2 potions of resistance
 N - a potion of berserk rage {unknown}
 O - a potion of cancellation {unknown}
Comestibles
 f - 21 rations
 J - 3 chunks of flesh


   Skills:
 - Level 10.0 Fighting
 + Level 12.9 Axes
 + Level 13.7 Armour
 + Level 6.0 Dodging
 - Level 3.6 Shields


You had 10 spell levels left.
You didn't know any spells.
Your spell library contained the following spells:

 Spells                   Type           Power        Failure   Level  Hunger
 Apportation              Tloc           #.....       100%        1    ##.....
 Confusing Touch          Hex            #.....       100%        1    ##.....
 Pain                     Necr           #...         100%        1    ##.....
 Regeneration             Chrm/Necr      #.........   100%        3    ####...
 Vampiric Draining        Necr           #.........   100%        3    ####...
 Animate Skeleton         Necr           Unusable     N/A         1    N/A
 Summon Small Mammal      Summ           Unusable     N/A         1    N/A
 Animate Dead             Necr           Unusable     N/A         4    N/A

Dungeon Overview and Level Annotations

Branches:
Dungeon (11/15)            Temple (1/1) D:5            Lair (0/6) D:10
    Orc: D:9-12

Altars:
Ashenzari
Cheibriados
Dithmenos
Elyvilon
Fedhas
Gozag
Hepliaklqana
Kikubaaqudgha
Makhleb
Nemelex Xobeh
Okawaru
Qazlal
Ru
Sif Muna
Trog
Uskayaw
Vehumet
Wu Jian
Xom
Yredelemnul
Zin
The Shining One

Portals:
Trove: D:10 (give 8 potions of agility)

Annotations:
D:10 3 runed translucent doors, Meegle's ghost, novice DEFE; Urug
D:11 Grum


Innate Abilities, Weirdness & Mutations

You reflexively headbutt those who attack you in melee.
You have a pair of horns on your head.
You are hated by all.
You are somewhat inexperienced. (-2 XL)
You are missing an eye, making it more difficult to aim.


Message History

You feel sick.
You redirect the orc priest's attack!
The orc priest barely misses the electric eel.
The electric eel shoots out a bolt of lightning at you!
The bolt of electricity hits you! x2
You focus your will and slow the electric eel in retribution!
The adder hisses angrily.
The orc priest calls down the wrath of Beogh upon you.
Beogh smites you!
* * * LOW HITPOINT WARNING * * *
You feel sick.
You redirect the orc priest's attack! x2
The orc priest hits the electric eel with a +0 dagger.
The adder bites you but does no damage.
The electric eel shoots out a bolt of lightning at you!
The bolt of electricity hits the orc warrior!
The bolt of electricity hits you!
* * * LOW HITPOINT WARNING * * *
The bolt of electricity hits you!
You die...

.# .. .. .. #.
.. #.## '# ###
##.S###.###
.... ..... ...
.P≈≈≈ ###.###.#
P≈≈≈≈≈♣)S.....#
P≈≈≈≈;o@##.##.#
≈≈≈≈≈≈o###.# .#
.≈≈5≈≈. #.##.#
≈≈≈≈P≈. #.##.#
P≈≈≈≈≈. #.##.#
≈≈≈≈≈≈P
#.##.##########
≈≈≈≈≈≈#
#.##.#.........
P.≈≈♣.
#.##.#.########
#..#.#'####....


You could see an orc warrior, an electric eel, an orc priest, a crimson imp and
an adder.

Vanquished Creatures
  Erolcha (D:9)
  2 two-headed ogres
  2 orc knights (Bailey)
  A troll (D:11)
  A hippogriff (D:9)
  9 yaks (D:10)
  4 hungry ghosts
  A water moccasin (D:7)
  2 porcupines (D:10)
  4 orc warriors
  7 sky beasts
  A black bear (D:10)
  2 phantoms
  4 ice beasts
  4 ogres
  2 wolves
  4 centaurs
  4 crocodiles (D:10)
  9 bullfrogs
  A gnoll sergeant (D:8)
  A water moccasin zombie (D:7)
  3 scorpions
  14 killer bees
  4 wights (D:6)
  3 howler monkeys
  5 crimson imps
  8 hounds
  2 centaur skeletons
  9 orc priests
  A bullfrog skeleton (D:5)
  4 jellies
  8 orc wizards
  2 gnoll shamans
  Natasha (thrice) (D:3)
  2 iguanas
  11 worker ants
  A hound skeleton (D:6)
  2 worker ant zombies
  31 gnolls
  A howler monkey skeleton (D:4)
  14 adders
  2 shadow imps (D:9)
  6 oozes
  2 adder zombies
  2 adder skeletons
  5 worms
  4 dart slugs
  4 leopard geckos
  31 orcs
  5 bats
  8 giant cockroaches
  10 goblins
  5 hobgoblins
  11 jackals
  7 kobolds
  5 quokkas
  3 ball pythons
  3 frilled lizards
  A leopard gecko zombie (D:6)
  A quokka skeleton (D:5)
  5 rats
314 creatures vanquished.

Vanquished Creatures (others)
  A killer bee (D:10)
  A gnoll (D:8)
  A kobold (Bailey)
  2 fungi (D:10)
5 creatures vanquished.

Grand Total: 319 creatures vanquished

Notes
Turn   | Place    | Note
-------+----------+-------------------------------------------
     0 | D:1      | Kobolds4U the Minotaur Fighter began the quest for the Orb.
     0 | D:1      | Reached XP level 1. HP: 19/19 MP: 0/0
    86 | D:1      | Reached XP level 2. HP: 26/27 MP: 1/1
   569 | D:1      | Reached XP level 3. HP: 34/34 MP: 2/2
   811 | D:2      | Reached skill level 5 in Fighting
   950 | D:2      | Reached XP level 4. HP: 40/42 MP: 3/3
  1516 | D:3      | Noticed Natasha
  1526 | D:3      | Killed Natasha
  1530 | D:3      | Reached XP level 5. HP: 38/50 MP: 4/4
  1530 | D:3      | Noticed Natasha
  1534 | D:3      | Killed Natasha
  1534 | D:3      | Reached skill level 4 in Armour
  1671 | D:3      | Noticed Natasha
  1688 | D:3      | Killed Natasha
  2700 | D:4      | Reached XP level 6. HP: 56/57 MP: 5/5
  2701 | D:4      | Reached skill level 5 in Armour
  2859 | D:4      | Reached skill level 5 in Axes
  3087 | D:4      | Reached skill level 6 in Armour
  3090 | D:4      | Reached XP level 7. HP: 42/63 MP: 6/6
  3358 | D:4      | Reached skill level 7 in Armour
  3671 | D:4      | Reached skill level 8 in Armour
  3852 | D:5      | Entered Level 5 of the Dungeon
  3877 | D:5      | Found a blossoming altar of Fedhas.
  3938 | D:5      | Reached XP level 8. HP: 55/70 MP: 7/7
  4188 | D:5      | Reached skill level 9 in Armour
  4562 | D:5      | Found a staircase to the Ecumenical Temple.
  4605 | D:5      | Reached skill level 10 in Armour
  4631 | Temple   | Entered the Ecumenical Temple
  4712 | Temple   | Became a worshipper of Ru the Awakened
  5116 | D:6      | Found a hazy altar of Hepliaklqana.
  5116 | D:6      | Found a shattered altar of Ashenzari.
  5116 | D:6      | Found a hide-covered altar of Uskayaw.
  5279 | D:6      | Reached XP level 9. HP: 63/75 MP: 8/8
  5345 | D:6      | Reached skill level 11 in Armour
  6024 | D:7      | Gained mutation: You are hated by all. [Ru sacrifice]
  6024 | D:7      | Reached * piety under Ru
  6529 | D:7      | Reached skill level 12 in Armour
  6701 | D:7      | Found a white marble altar of Elyvilon.
  6880 | D:7      | Found a shimmering altar of Xom.
  6882 | D:7      | Found an opulent altar of Gozag.
  7071 | D:8      | Found a shimmering altar of Xom.
  7378 | D:8      | Reached skill level 10 in Axes
  7802 | D:8      | Reached XP level 10. HP: 85/88 MP: 9/9
  8023 | D:8      | Found a burning altar of Makhleb.
  8177 | D:9      | Gained mutation: You are somewhat inexperienced. (-2 XL)
                  | [Ru sacrifice]
  8177 | D:9      | Reached XP level 9. HP: 82/82 MP: 8/8
  8177 | D:9      | Reached XP level 8. HP: 75/75 MP: 7/7
  8177 | D:9      | Reached ** piety under Ru
  8177 | D:9      | Reached *** piety under Ru
  8257 | D:9      | Noticed a hippogriff
  8268 | D:9      | Killed a hippogriff
  8533 | D:9      | Noticed Erolcha
  8542 | D:9      | Killed Erolcha
  8542 | D:9      | Reached skill level 10 in Fighting
  8542 | D:9      | Reached XP level 9. HP: 49/85 MP: 8/8
  8734 | D:9      | Found a flagged portal.
  8745 | Bailey   | Entered a bailey
  8765 | Bailey   | Noticed an orc knight
  8776 | Bailey   | Killed an orc knight
  8776 | Bailey   | Reached skill level 1 in Dodging
  8955 | Bailey   | Noticed an orc knight
  8976 | Bailey   | Killed an orc knight
  9088 | Bailey   | Found the ring of the Mage {Wiz MR++ Int+3}
  9231 | D:9      | Reached XP level 10. HP: 93/93 MP: 9/9
  9461 | D:10     | Entered Level 10 of the Dungeon
  9464 | D:10     | Found a runed translucent gate.
  9464 | D:10     | Found a runed translucent gate.
  9464 | D:10     | Found a runed translucent gate.
  9464 | D:10     | Noticed Meegle's ghost (novice DEFE)
  9472 | D:10     | Found a staircase to the Lair.
  9495 | D:10     | Reached skill level 13 in Armour
  9743 | D:10     | Found a portal to a secret trove of treasure.
  9866 | D:10     | Gained mutation: You are missing an eye, making it more
                  | difficult to aim. [Ru sacrifice]
  9866 | D:10     | Reached **** piety under Ru
 10154 | D:10     | Noticed a two-headed ogre
 10161 | D:10     | Killed a two-headed ogre
 10161 | D:10     | Reached skill level 5 in Dodging
 10623 | D:11     | Noticed Grum
 10624 | D:11     | Noticed Urug
 10639 | D:10     | Reached XP level 11. HP: 57/99 MP: 10/10
 10649 | D:10     | HP: 3/99 [Urug/javelin (3)]
 11032 | D:11     | Noticed a two-headed ogre
 11044 | D:11     | Killed a two-headed ogre
 11229 | D:11     | Paralysed by an orc priest for 3 turns
 11232 | D:11     | Killed from afar by an electric eel

Skill      XL: |  1  2  3  4  5  6  7  8  9 10 11 |
---------------+----------------------------------+-----
Fighting       | 4 5 6 10 8 | 10.0
Axes           | 3 4 5 6 8 11 12 | 12.9
Armour         | 4 6 8 10 12 13 | 13.7
Dodging        | 2 5 6 |  6.0
Shields        | |  3.6

Action                   |  1- 3 |  4- 6 |  7- 9 | 10-12 || total
-------------------------+-------+-------+-------+-------++-------
Melee: War axe           |    58 |   172 |   626 |   254 ||  1110
       Headbutt          |     7 |    26 |   131 |    45 ||   209
Invok: Sacrifice Experie |       |       |     1 |       ||     1
       Sacrifice Love    |       |       |     1 |       ||     1
       Sacrifice an Eye  |       |       |       |     1 ||     1
 Abil: Evoke Berserk Rag |       |       |     1 |     1 ||     2
  Use: Scroll            |       |     1 |     2 |     1 ||     4
       Potion            |       |     1 |     2 |       ||     3
 Stab: Distracted        |       |       |     1 |       ||     1
       Invisible         |       |       |       |     1 ||     1
  Eat: Chunk             |       |     4 |    20 |    12 ||    36
       Ration            |       |     1 |     1 |       ||     2
Armor: Scale mail        |    21 |       |       |       ||    21
       Plate armour      |     6 |   119 |   436 |   145 ||   706
Dodge: Dodged            |    14 |    32 |   155 |    79 ||   280
Block: Shield            |    42 |   119 |   356 |   151 ||   668
